 Dungeon Crawl Stone Soup version 0.19.5 (webtiles) character file.

2441 Firecrotchwizard the Archer (level 9, -1/78 HPs)
             Began as a Centaur Hunter on Apr 26, 2017.
             Was a Follower of Okawaru.
             Slain by a hellwing (3 damage)
             ... on level 9 of the Dungeon.
             The game lasted 00:31:18 (9787 turns).

Firecrotchwizard the Archer (Centaur Hunter)        Turns: 9787, Time: 00:31:19

Health: -1/78      AC: 12    Str: 16    XL:     9   Next: 25%
Magic:  9/9        EV: 10    Int: 13    God:    Okawaru [*.....]
Gold:   491        SH:  4    Dex:  9    Spells: 0 memorised, 8 levels left

rFire  . . .     SeeInvis .     o - +0 trident
rCold  + . .     Gourm    .     E - +2 leather armour {rC+}
rNeg   . . .     Faith    .     z - +0 buckler
rPois  .         Spirit   .     w - +2 helmet
rElec  .         Reflect  .     (no cloak)
rCorr  .         Harm     .     (no gloves)
MR     .....                    (no barding)
Stlth  ..........               G - amulet of regeneration {+regen, !d}
                                F - +3 ring of protection
                                h - +4 ring of slaying

@: drained, very quick
A: hooves 3, deformed body, speed 2, tough skin 3
a: Heroism, Renounce Religion


You were on level 9 of the Dungeon.
You worshipped Okawaru.
Okawaru was aware of your devotion.
You were not hungry.

You visited 2 branches of the dungeon, and saw 10 of its levels.

You collected 491 gold pieces.

Inventory:

Hand Weapons
 a - a +1 shortbow
 o - a +0 trident (weapon)
   (You took it off an orc on level 5 of the Dungeon)
Missiles
 d - 24 arrows
 D - a throwing net {=f, !d}
Armour
 w - a +2 helmet (worn)
   (You found it on level 2 of the Dungeon)
 z - a +0 buckler (worn)
   (You found it on level 5 of the Dungeon)
 E - a +2 leather armour of cold resistance (worn)
   (You found it on level 7 of the Dungeon)
Jewellery
 h - a +4 ring of slaying (left hand)
   (You found it on level 1 of the Dungeon)
 p - a +4 ring of dexterity
   (You found it on level 4 of the Dungeon)
 F - a +3 ring of protection (right hand)
   (You found it on level 7 of the Dungeon)
 G - an amulet of regeneration (around neck) {+regen, !d}
   (You found it on level 7 of the Dungeon)
Wands
 b - a wand of slowing (34/48)
   (You found it on level 5 of the Dungeon)
 n - a wand of lightning (7/15)
   (You found it on level 7 of the Dungeon)
 q - a wand of flame (12/48)
   (You found it on level 8 of the Dungeon)
 B - a wand of slowing (20/48)
   (You found it on level 6 of the Dungeon)
Scrolls
 e - 2 scrolls of remove curse
 g - 2 scrolls of immolation {!r}
 i - a scroll of teleportation
 k - a scroll of enchant armour
 m - a scroll of blinking {!r}
 t - 3 scrolls of identify
 v - 2 scrolls of enchant weapon
 C - a scroll of amnesia
 M - a scroll of recharging {unknown}
Potions
 j - 2 potions of flight {unknown}
 l - 2 potions of heal wounds
 r - a potion of brilliance {unknown}
 u - 4 potions of curing {unknown}
 A - a potion of cure mutation {unknown}
 L - 2 potions of magic {unknown}
Books
 K - a book of Maledictions
   (You found it on level 7 of the Dungeon)
Comestibles
 c - 2 chunks of flesh {@w0}
 f - 5 bread rations {@e1}
 s - 2 meat rations {@e2}
 H - a slice of pizza
 N - 24 fruits


   Skills:
 + Level 6.4(6.1) Fighting
 * Level 12.1(11.8) Bows
 + Level 4.4(4.2) Dodging
 - Level 0.4(0.2) Stealth
 - Level 2.4(2.2) Shields


You had 8 spell levels left.
You didn't know any spells.

Dungeon Overview and Level Annotations

Branches:
Dungeon (9/15)             Temple (1/1) D:4
   Lair: D:8-11         Orc: D:9-12

Altars:
Ashenzari
Cheibriados
Dithmenos
Elyvilon
Fedhas
Gozag
Hepliaklqana
Kikubaaqudgha
Makhleb
Nemelex Xobeh
Okawaru
Qazlal
Ru
Sif Muna
Trog
Uskayaw
Vehumet
Xom
Yredelemnul
Zin
The Shining One

Annotations:
D:2 Sigmund
D:7 antares's ghost, novice MfGl


Innate Abilities, Weirdness & Mutations

You have hooves in place of feet.
Armour fits poorly on your strangely shaped body.
You cover ground very quickly.
You have extremely tough skin. (AC +3)


Message History

The hellwing hits you.
The hellwing hits you but does no damage.
You take 1 damage, and have 58/78 hp.
You feel like a meek peon again. The hellwing barely misses you.
The hellwing hits you but does no damage.
There is an open door here.
MP restored: 9
There is a stone staircase leading down here.
You start resting.
You gain the combat prowess of a mighty hero.
The crimson imp blinks!
The hellwing swoops through the air toward you!
The hellwing hits you. x2
You take 4 damage, and have 67/78 hp.
You now have 7/9 mp.
You hit the hellwing but do no damage.
You kick the hellwing, but do no damage.
You block the hellwing's attack.
The hellwing hits you but does no damage.
You closely miss the hellwing.
You kick the hellwing, but do no damage.
The hellwing barely misses you.
The hellwing hits you but does no damage.
You closely miss the hellwing.
You kick the hellwing, but do no damage.
You block the hellwing's attack. The hellwing barely misses you.
You barely miss the hellwing. You kick the hellwing. The hellwing hits you. x2
You take 6 damage, and have 63/78 hp.
You hit the hellwing but do no damage. The hellwing hits you! x2
You take 17 damage, and have 46/78 hp.
MASSIVE DAMAGE!!
The hellwing hits you but does no damage. x2
The crimson imp blinks!
The river rat barely misses you.
You climb downwards.
A bullfrog and a skeleton come into view.
The bullfrog croaks.
There is a stone staircase leading up here.
You puncture the hellwing!
You kick the hellwing, but do no damage.
The hellwing hits you! The hellwing hits you. The river rat barely misses you.
The bullfrog misses you.
The adder skeleton bites you but does no damage.
You take 13 damage, and have 34/78 hp.
You hit the hellwing.
You feel like a meek peon again. The bullfrog hits you.
The hellwing closely misses you.
The hellwing hits you but does no damage.
The river rat barely misses you. You block the adder skeleton's attack.
The bullfrog swells and bulges.
You block the bullfrog's attack. The hellwing closely misses you.
The hellwing hits you but does no damage.
You take 1 damage, and have 33/78 hp.
You hit the hellwing. Your kick misses the hellwing.
The bullfrog barely misses you. The river rat bites you.
The adder skeleton barely misses you. You block the hellwing's attack.
The hellwing hits you but does no damage.
The bullfrog hits you but does no damage.
The river rat bites you.
You take 5 damage, and have 28/78 hp.
You hit the hellwing but do no damage.
You kick the hellwing, but do no damage.
The bullfrog hits you but does no damage.
The adder skeleton bites you. The hellwing hits you!
* * * LOW HITPOINT WARNING * * *
The hellwing hits you but does no damage.
The river rat misses you. The adder skeleton closely misses you.
You block the bullfrog's attack.
You take 11 damage, and have 17/78 hp.
You closely miss the hellwing. Your kick misses the hellwing.
The bullfrog hits you but does no damage.
The hellwing hits you but does no damage.
The hellwing barely misses you.
The river rat bites you but does no damage.
The adder skeleton bites you but does no damage.
You block the bullfrog's attack.
You hit the hellwing but do no damage. The bullfrog barely misses you.
The hellwing barely misses you. x2
The river rat bites you but does no damage.
The adder skeleton bites you but does no damage.
The hellwing closely misses you. The hellwing hits you.
* * * LOW HITPOINT WARNING * * *
You block the bullfrog's attack. The adder skeleton barely misses you.
The river rat bites you.
* * * LOW HITPOINT WARNING * * *
You take 2 damage, and have 16/78 hp.
You hit the hellwing but do no damage. Your kick misses the hellwing.
The bullfrog hits you.
* * * LOW HITPOINT WARNING * * *
The hellwing hits you but does no damage. x2
You block the adder skeleton's attack. You block the river rat's attack.
The bullfrog swells and bulges.
The bullfrog hits you.
* * * LOW HITPOINT WARNING * * *
You take 7 damage, and have 9/78 hp.
You hit the hellwing but do no damage. Your kick misses the hellwing.
The bullfrog hits you!
* * * LOW HITPOINT WARNING * * *
The adder skeleton bites you but does no damage.
The hellwing hits you.
You die...

...### #....##
##.....###
#........###
##..........#
#............
#...r.Z......
#...4@.......
#..$.F........
#.............
#.............
...............
...............
...............
...............


You could see a hellwing, a bullfrog, a river rat and an adder skeleton.

Vanquished Creatures
  Duvessa (D:6)
  2 ice beasts
  A phantom (D:3)
  2 sky beasts (D:7)
  3 ogres
  A crocodile (D:7)
  A centaur (D:5)
  2 bullfrogs (D:7)
  Dowan (D:6)
  4 scorpions
  A wyvern skeleton (D:7)
  3 wights
  A howler monkey (D:6)
  A bullfrog zombie (D:5)
  3 crimson imps
  6 orc wizards
  An orc priest (D:5)
  A centaur skeleton (D:4)
  A gnoll shaman (D:4)
  A hound (D:5)
  2 jellies
  A worker ant (D:4)
  A hound zombie (D:7)
  4 gnolls (D:4)
  A howler monkey skeleton (D:5)
  A river rat (D:8)
  17 adders
  2 shadow imps
  An ooze (D:1)
  An adder zombie (D:5)
  2 worms
  4 dart slugs
  4 leopard geckos
  16 orcs
  2 ball pythons
  9 giant cockroaches
  11 goblins
  7 hobgoblins
  11 jackals
  3 quokkas
  15 bats
  6 frilled lizards
  6 kobolds
  A leopard gecko zombie (D:8)
  11 rats
176 creatures vanquished.

Vanquished Creatures (others)
  A fungus (D:8)
1 creature vanquished.

Grand Total: 177 creatures vanquished

Notes
Turn   | Place    | Note
-------+----------+-------------------------------------------
     0 | D:1      | Firecrotchwizard the Centaur Hunter began the quest for the Orb.
     0 | D:1      | Reached XP level 1. HP: 17/17 MP: 1/1
   293 | D:1      | Reached XP level 2. HP: 22/24 MP: 2/2
   920 | D:1      | Reached skill level 2 in Dodging
  1008 | D:1      | Reached XP level 3. HP: 29/29 MP: 3/3
  1171 | D:1      | Reached skill level 6 in Bows
  1510 | D:2      | Reached XP level 4. HP: 27/37 MP: 4/4
  1985 | D:2      | Noticed Sigmund
  2462 | D:2      | Found an opulent altar of Gozag.
  3255 | D:4      | Reached skill level 3 in Fighting
  3263 | D:4      | Noticed a phantom
  3300 | D:4      | Reached XP level 5. HP: 37/45 MP: 5/5
  3311 | D:4      | Reached skill level 7 in Bows
  3442 | D:3      | HP: 8/45 [phantom (4)]
  3443 | D:3      | Killed a phantom
  3829 | D:4      | Reached XP level 6. HP: 48/51 MP: 6/6
  4014 | D:4      | Found a staircase to the Ecumenical Temple.
  4025 | Temple   | Entered the Ecumenical Temple
  4211 | D:4      | Reached skill level 8 in Bows
  4336 | D:4      | Reached skill level 3 in Dodging
  4344 | D:4      | Reached skill level 4 in Fighting
  4659 | D:5      | Entered Level 5 of the Dungeon
  4755 | D:4      | Reached XP level 7. HP: 34/59 MP: 7/7
  4948 | D:5      | Found an ancient bone altar of Kikubaaqudgha.
  5092 | D:5      | Reached skill level 9 in Bows
  5633 | D:5      | Reached skill level 5 in Fighting
  5861 | D:5      | Found a white marble altar of Elyvilon.
  5870 | D:5      | Reached XP level 8. HP: 68/68 MP: 8/8
  6075 | D:5      | Found an iron altar of Okawaru.
  6159 | D:5      | Reached skill level 10 in Bows
  6400 | D:6      | Noticed Dowan
  6548 | D:6      | Noticed Duvessa
  6624 | D:6      | Killed Duvessa
  6624 | D:6      | Reached skill level 1 in Shields
  6967 | D:6      | Killed Dowan
  7352 | D:6      | Reached skill level 2 in Shields
  7532 | D:5      | Found a shattered altar of Ashenzari.
  7546 | D:5      | Became a worshipper of Warmaster Okawaru
  7886 | D:7      | Reached skill level 11 in Bows
  8127 | D:7      | Reached skill level 4 in Dodging
  8178 | D:7      | Noticed antares's ghost (novice MfGl)
  8401 | D:7      | Reached skill level 6 in Fighting
  8926 | D:7      | Reached XP level 9. HP: 67/75 MP: 9/9
  8935 | D:7      | Reached * piety under Okawaru
  9329 | D:8      | Noticed a hellwing
  9331 | D:8      | Noticed a hellwing
  9604 | D:7      | Reached skill level 12 in Bows
  9783 | D:9      | HP: 17/78 [hellwing (10)]
  9787 | D:9      | HP: 2/78 [bullfrog (8)]
  9787 | D:9      | Slain by a hellwing

Skill      XL: |  1  2  3  4  5  6  7  8  9 |
---------------+----------------------------+-----
Dodging        | 2 3 4 |  4.4
Bows           | 6 7 8 9 11 12 | 12.1
Fighting       | 3 4 5 6 |  6.4
Shields        | 2 |  2.4
Stealth        | |  0.4

Action                   |  1- 3 |  4- 6 |  7- 9 || total
-------------------------+-------+-------+-------++-------
Melee: Short sword       |    81 |    75 |    11 ||   167
       Unarmed           |    18 |       |       ||    18
       Kick              |    15 |    24 |    88 ||   127
       Spear             |       |    43 |     5 ||    48
       Trident           |       |       |   384 ||   384
 Fire: Shortbow          |     5 |    35 |       ||    40
Invok: Heroism           |       |       |     3 ||     3
  Use: Scroll            |       |    11 |     1 ||    12
  Eat: Chunk             |     1 |     6 |     8 ||    15
       Fruit             |       |     2 |       ||     2
       Pizza             |       |       |     1 ||     1
       Meat ration       |       |       |     1 ||     1
Armor: Leather armour    |    31 |     6 |    46 ||    83
       Ring mail         |       |    21 |   135 ||   156
Dodge: Dodged            |    50 |    44 |   178 ||   272
Block: Buckler           |       |       |    59 ||    59

Vault maps used:
D:1:      erik_arrival_cave_to_civilisation, serial_forest,
          infiniplex_forest_3_way, infiniplex_forest_clump_small,
          infiniplex_forest_end_double, infiniplex_forest_zigzag_2,
          infiniplex_forest_straight_4, infiniplex_forest_straight_4
D:2:      grunt_gozag_statues, uniq_sigmund
D:3:      first_bread
D:4:      minmay_temple_entry_glass, minmay_misc_feat_rows
D:5:      corexii_shack_village, nicolae_overflow_hidden_temple
D:6:      serial_curves, eino_curves_01, eino_curves_01, uniq_duvessa
D:8:      cheibrodos_grave_circle, grunt_lair_entry_orc_guard_hut,
          blue_anna_alchemist, corexii_leaking_fountain, grunt_ministairs_2
D:9:      orc_0_dummy
Temple:   nicolae_temple_elliptical

Table legend:
 A = Turns spent in this place as a percentage of turns spent in the entire game.
 B = Non-inter-level travel turns spent in this place as a percentage of non-inter-level travel turns spent in the entire game.
 C = Inter-level travel turns spent in this place as a percentage of turns spent in this place.
 D = Turns resting spent in this place as a percentage of non-inter-level travel turns spent in this place.
 E = Turns spent auto-exploring this place as a percentage of non-inter-level travel turns spent in this place.
 F = Non-inter-level travel turns spent in this place divided by the number of levels of this place that you've seen.
                   A       B       C       D       E      F
               +-------+-------+-------+-------+-------+----------------------
         Total | 100.0 | 100.0 |   0.5 |   3.3 |   8.2 | 280.6
       Dungeon |  98.8 |  98.8 |   0.5 |   3.3 |   7.7 | 308.0
        Temple |   1.2 |   1.2 |   2.9 |   0.0 |  47.1 |  34.0
               +-------+-------+-------+-------+-------+----------------------

Table legend:
 A = Kills in this place as a percentage of kills in entire the game.
 B = Kills by you in this place as a percentage of kills by you in the entire game.
 C = Kills by friends in this place as a percentage of kills by friends in the entire game.
 D = Other kills in this place as a percentage of other kills in the entire game.
 E = Experience gained in this place as a percentage of experience gained in the entire game.
 F = Experience gained in this place divided by the number of levels of this place that you have seen.
                   A       B       C       D       E      F
               +-------+-------+-------+-------+-------+----------------------
         Total | 100.0 | 100.0 |  -nan |  -nan | 100.0 | 348.8
       Dungeon | 100.0 | 100.0 |  -nan |  -nan | 100.0 | 387.6
               +-------+-------+-------+-------+-------+----------------------
